 Dungeon Crawl Stone Soup version 0.29-a0-321-gf1c400731a (webtiles) character file.

Game seed: 1072602548032793453

126 HotDog the Shield-Bearer (level 5, -4/33 HPs)
             Began as a Gargoyle Fighter on Apr 5, 2022.
             Slain by an iguana (8 damage)
             ... on level 5 of the Dungeon.
             The game lasted 00:04:42 (3681 turns).

HotDog the Shield-Bearer (Gargoyle Fighter)         Turns: 3681, Time: 00:04:43

Health: -4/33      AC: 13    Str: 21    XL:     5   Next: 10%
Magic:  5/5        EV:  7    Int:  9    God:
Gold:   132        SH:  4    Dex:  9    Spells: 4/4 levels left

rFire   . . .      SeeInvis .   a - +0 flail
rCold   . . .      Faith    .   c - +0 buckler
rNeg    + . .      Spirit   .   l - +0 chain mail
rPois   ∞          Reflect  .   (no helmet)
rElec   +          Harm     .   (no cloak)
rCorr   .          Rampage  .   (no gloves)
Will    .....                   (no boots)
Stlth   ..........              (no amulet)
HPRegen 0.11/turn               (no ring)
MPRegen 0.09/turn               (no ring)

@: no status effects
A: sickness immunity, AC +4, negative energy resistance 1, electricity
resistance, torment resistance 1, petrification resistance
a: no special abilities


You were on level 5 of the Dungeon.
You visited 1 branch of the dungeon, and saw 5 of its levels.

You collected 132 gold pieces.

Inventory:

Hand Weapons
 a - a +0 flail (weapon)
Missiles
 g - a throwing net (quivered)
Armour
 c - a +0 buckler (worn)
 l - a +0 chain mail (worn)
Jewellery
 i - a ring of fire
Scrolls
 f - a scroll of identify
 k - 2 scrolls of teleportation
Potions
 d - a potion of might
 e - 2 potions of cancellation
 h - a potion of resistance {unknown}
 j - 3 potions of curing


   Skills:
 * Level 3.8 Fighting
 * Level 3.2 Maces & Flails
 * Level 3.9 Armour
 * Level 0.9 Dodging
 * Level 4.0 Shields
 * Level 1.0 Invocations


You had 4 spell levels left.
You didn't know any spells.
Your spell library contained the following spells:

 Spells                   Type           Power      Damage    Failure   Level
 Sandblast                Erth           0%         2d4       99%         1
 Ensorcelled Hibernation  Hex/Ice        0%         N/A       100%        2
 Passwall                 Tmut/Erth      0%         N/A       100%        2
 Spider Form              Tmut/Pois      0%         N/A       100%        3
 Stone Arrow              Conj/Erth      0%         3d7       100%        3
 Anguish                  Hex/Necr       0%         N/A       100%        4


Dungeon Overview and Level Annotations

Branches:
Dungeon (5/15)
 Temple: D:4-7

Altars:
Okawaru

Shops:
D:1 !


Innate Abilities, Weirdness & Mutations

You are immune to sickness and miasma.
Your stone body is resilient. (AC +4)
You are immune to poison.
You resist negative energy. (rN+)
You are resistant to electric shocks. (rElec)
You are resistant to unholy torment.
You are immune to petrification.


Message History

The giant cockroach bites you.
You hit the giant cockroach.
You kill the giant cockroach!
You start resting.
HP restored.
You start waiting.
Done waiting.
You start waiting.
Done waiting.
You start waiting.
Done waiting.
There is a stone staircase leading down here.
You climb downwards.
There is a stone staircase leading up here.
Found a stone staircase leading down.
Unknown command.
Found 15 gold pieces.
The yak bellows!
There is a stone staircase leading down here.
You climb downwards.
The iguana hisses angrily. x2
Found 13 gold pieces.
There is a stone staircase leading up here.
There are monsters nearby!
Found a chain mail.
The iguana bites you!
You barely miss the iguana. The iguana bites you.
You hit the iguana but do no damage.
The iguana bites you but does no damage.
You barely miss the iguana.
The iguana bites you but does no damage.
You hit the iguana.
The iguana is lightly wounded.
The iguana bites you! x2
* * * LOW HITPOINT WARNING * * *
The iguana bites you but does no damage.
You are too injured to fight recklessly!
You thump the iguana!
The iguana is severely wounded.
The iguana bites you!
You die...

..... .#..
... ..# .
##.. #### ..#
...#...
....##...####
.......<....#
..####l@###.#
#.l.# #..##
#$. #.. ...
#.#. .[#.


You could see 2 iguanas.

Vanquished Creatures
  An orc priest (D:3)
  A gnoll (D:4)
  2 adders (D:2)
  4 worms
  A dart slug (D:2)
  2 orcs (D:3)
  A bat (D:2)
  3 endoplasms
  A giant cockroach (D:3)
  5 goblins
  2 hobgoblins
  3 jackals (D:1)
  2 quokkas
  6 ball pythons
  6 frilled lizards
  11 kobolds
  3 rats
54 creatures vanquished.

Notes
Turn   | Place    | Note
-------+----------+-------------------------------------------
     0 | D:1      | HotDog the Gargoyle Fighter began the quest for the Orb.
     0 | D:1      | Reached XP level 1. HP: 14/14 MP: 1/1
    48 | D:1      | Reached XP level 2. HP: 10/19 MP: 2/2
   396 | D:1      | Found Vapeawemp's Distillery.
   550 | D:1      | Found a faded altar of an unknown god.
  1159 | D:2      | Reached XP level 3. HP: 23/23 MP: 3/3
  1682 | D:2      | Reached XP level 4. HP: 29/29 MP: 4/4
  2065 | D:3      | Reached skill level 4 in Shields
  2904 | D:4      | Noticed a yak
  2983 | D:4      | Found an iron altar of Okawaru.
  2987 | D:4      | Reached skill level 1 in Invocations
  2987 | D:4      | Reached XP level 5. HP: 27/33 MP: 5/5
  3049 | D:4      | Noticed a phantom
  3675 | D:5      | Entered Level 5 of the Dungeon
  3681 | D:5      | Slain by an iguana

Illustrated notes

Levels and vault maps discovered:
D:1:      minmay_arrival_nine_rooms, layout_basic, serial_shops,
          nicolae_shop_behind_doors,
          dreamdust_ecumenical_altar_angels_and_demons
D:2:      layout_rooms
D:3:      layout_basic
D:4:      layout_basic, okawaru_altar_gauntlet_db, mainiacjoe_overflow_24_doors,
          temple_hall, minmay_snake_closets
D:5:      layout_rooms, general_overflow_altar, uniq_menkaure,
          uniq_crazy_yiuf_cottage

Skill      XL: |  1  2  3  4 |
---------------+-------------+-----
Shields        | 4 |  4.0
Maces & Flails | 3 |  3.2
Invocations    | 1 |  1.0
Fighting       | |  3.8
Armour         | |  3.9
Dodging        | |  0.9

Action                   |  1- 3 |  4- 6 || total
-------------------------+-------+-------++-------
Melee: Flail             |   101 |    65 ||   166
  Use: Scroll            |       |     4 ||     4
Armor: Scale mail        |    62 |     7 ||    69
       Chain mail        |       |    54 ||    54
Dodge: Dodged            |    48 |    36 ||    84
Block: Buckler           |    39 |    14 ||    53

Table legend: (Time is in decaauts)
 A = Elapsed time spent in this place.
 B = Non-inter-level travel time spent in this place.
 C = Inter-level travel time spent in this place.
 D = Time resting spent in this place.
 E = Time spent auto-exploring this place.
 F = Levels seen in this place.
 G = Mean time per level.
                   A        B        C        D        E       F      G
               +--------+--------+--------+--------+--------+-----+--------+
         Total |   3733 |   3419 |    314 |    985 |   1894 |   5 |  746.6 |
       Dungeon |   3733 |   3419 |    314 |    985 |   1894 |   5 |  746.6 |
               +--------+--------+--------+--------+--------+-----+--------+

Top non-repeatable levels by time:
     D:3: 1557 daAuts
     D:1: 1016 daAuts
     D:2: 1003 daAuts
     D:4: 149 daAuts
     D:5: 6 daAuts
